 Dungeon Crawl Stone Soup version 0.25.1-3-ge44b62a0b3 (webtiles) character file.

Game seed: 211448451793000704

39615 DearestLeader the Gelid (level 14, -7/120 HPs)
             Began as a Gargoyle Ice Elementalist on Nov 20, 2020.
             Was a High Priest of Vehumet.
             Mangled by a skeletal warrior
             ... wielding a +2 great sword of flaming
              (13 damage)
             ... in a volcano.
             The game lasted 00:46:54 (20816 turns).

DearestLeader the Gelid (GrIE)                     Turns: 20816, Time: 00:46:54

Health: -7/120     AC: 17    Str: 12    XL:     14   Next: 7%
Magic:  25/25      EV: 21    Int: 27    God:    Vehumet [*****.]
Gold:   698        SH:  0    Dex: 10    Spells: 13/28 levels left

rFire    + . .     SeeInvis .   J - +2 whip (flame)
rCold    . . .     Gourm    .   (no shield)
rNeg     + . .     Faith    .   a - +0 robe
rPois    ∞         Spirit   .   d - +0 helmet
rElec    +         Reflect  .   t - +0 cloak
rCorr    .         Harm     .   v - +2 pair of gloves
MR       +....                  (no boots)
Stlth    ..........             x - amulet of magic regeneration
HPRegen  0.30/turn              u - ring of the Princeling {rF+ EV+4}
MPRegen  0.44/turn              C - +6 ring of intelligence

@: berserking, very slightly contaminated, studying Dodging, very quick
A: big wings, negative energy resistance 1, electricity resistance, unbreathing,
petrification resistance, rot immunity, AC +10
a: Fly, Renounce Religion


You were in a volcano.
You worshipped Vehumet.
Vehumet was extremely pleased with you.
You were not hungry.

You visited 2 branches of the dungeon, and saw 16 of its levels.
You also visited: Bailey and Volcano.

You collected 900 gold pieces.
You spent 202 gold pieces at shops.

Inventory:

Hand Weapons
 r - a +1 dagger of draining
 D - a +2 whip of venom
 J - a +2 whip of flaming (weapon)
Missiles
 g - 208 stones (quivered)
Armour
 a - a +0 robe (worn)
 d - a +0 helmet (worn)
 t - a +0 cloak (worn)
 v - a +2 pair of gloves (worn)
Jewellery
 h - an uncursed ring of resist corrosion
 q - an uncursed ring of see invisible
 s - the amulet "Cureek" {Inacc rF+ Str+2}
   (You found it on level 2 of the Dungeon)

   [amulet of inaccuracy]

   It reduces the accuracy of all your attacks.
   It affects your strength (+2).
   It protects you from fire.
 u - the ring of the Princeling (left hand) {rF+ EV+4}
   (You acquired it on level 6 of the Lair of Beasts)

   [ring of evasion]

   It affects your evasion (+4).
   It protects you from fire.
 x - an amulet of magic regeneration (around neck)
 C - a +6 ring of intelligence (right hand)
 K - an uncursed ring of wizardry
Wands
 b - a wand of acid (27)
 F - a wand of disintegration (5)
 O - a wand of flame (23)
 P - a wand of iceblast (3)
Scrolls
 e - 5 scrolls of teleportation
 i - 7 scrolls of remove curse
 j - 5 scrolls of blinking
 k - 2 scrolls of amnesia
 y - 8 scrolls of enchant weapon
 H - a scroll of fog
Potions
 f - a potion of berserk rage
 l - a potion of heal wounds {unknown}
 m - 2 potions of might {unknown}
 n - 3 potions of stabbing
 o - 2 potions of curing
 p - 3 potions of flight
 z - 2 potions of mutation {unknown}
 B - 2 potions of brilliance {unknown}
 E - a potion of haste {unknown}
 I - a potion of cancellation {unknown}
Books
 w - a manual of Dodging
Comestibles
 c - 25 rations
 A - 5 chunks of flesh


   Skills:
 - Level 6.4 Fighting
 + Level 10.4 Dodging
 - Level 2.1 Stealth
 + Level 7.7 Spellcasting
 * Level 9.8 Conjurations
 * Level 15.7 Ice Magic
 - Level 10.1 Earth Magic


You had 13 spell levels left.
You knew the following spells:

 Your Spells              Type           Power        Failure   Level  Hunger
a - Freeze                Ice            ####         0%          1    None
b - Frozen Ramparts       Ice            ######       1%          3    None
c - Sandblast             Erth           ######       1%          1    None
d - Hailstorm             Conj/Ice       ######..     1%          4    ##.....
e - Mephitic Cloud        Conj/Pois/Air  ####....     1%          3    None
f - Ozocubu's Armour      Chrm/Ice       ######..     1%          3    None

Your spell library contained the following spells:

 Spells                   Type           Power        Failure   Level  Hunger
 Iskenderun's Battlesphe  Conj/Chrm      #####...     5%          5    ####...
 Conjure Flame            Conj/Fire      #####...     1%          3    None
 Summon Ice Beast         Ice/Summ       ######..     2%          4    ##.....
 Animate Skeleton         Necr           N/A          5%          1    None
 Apportation              Tloc           ##....       5%          1    None
 Corona                   Hex            ##.....      5%          1    None
 Summon Small Mammal      Summ           ##..         5%          1    None
 Freezing Cloud           Conj/Ice/Air   ######....   7%          6    ######.
 Poisonous Vapours        Pois/Air       ##....       9%          2    None
 Malign Gateway           Summ/Tloc      ##........   100%        7    #######
 Monstrous Menagerie      Summ           ##........   100%        7    #######
 Ring of Flames           Chrm/Fire      ##........   100%        7    #######
 Summon Greater Demon     Summ           ##........   100%        7    #######
 Summon Horrible Things   Summ           ##........   100%        8    #######


Dungeon Overview and Level Annotations

Branches:
Dungeon (10/15)            Temple (0/1) D:7            Lair (6/6) D:8
 Shoals (0/4) Lair:2        Snake (0/4) Lair:2       Bailey (visited)
Volcano (1/1)
  Slime: Lair:5-6       Orc: D:9-12

Altars:
Ashenzari
Fedhas
Hepliaklqana
Makhleb
Nemelex Xobeh
Okawaru
Qazlal
Ru
Sif Muna
Trog
Uskayaw
Vehumet
Xom

Shops:
D:4 ?

Annotations:
D:5 2 transporters, denis1488's ghost, novice OpTm
Lair:3 1 runed translucent door, Thomus's ghost, journeyman DECj
Lair:4 exclusion: 2 oklob plants


Innate Abilities, Weirdness & Mutations

You are resistant to torment.
Your stone body is resilient. (AC +10)
You are immune to poison.
Your large and strong wings let you fly indefinitely.
You resist negative energy. (rN+)
You are resistant to electric shocks. (rElec)
You can survive without breathing.
You are immune to petrification.
You are immune to rotting.


Message History

g - 208 stones A red film seems to cover your vision as you go berserk!
You feel yourself moving faster!
You feel mighty!
The skeletal warrior hits you with a +2 great sword of flaming.
* * * LOW HITPOINT WARNING * * *
The skeletal warrior burns you.
* * * LOW HITPOINT WARNING * * *
Unknown command.
You hit the skeletal warrior. You burn the skeletal warrior.
The skeletal warrior is severely damaged.
You hit the skeletal warrior. You burn the skeletal warrior.
The skeletal warrior is almost destroyed.
The skeletal warrior hits you with a +2 great sword of flaming.
* * * LOW HITPOINT WARNING * * *
You hit the skeletal warrior. You burn the skeletal warrior.
The skeletal warrior is almost destroyed.
You hit the skeletal warrior. You burn the skeletal warrior.
The skeletal warrior is almost destroyed.
The skeletal warrior hits you with a +2 great sword of flaming!
You die...

§§≈§≈≈≈≈§≈§≈≈≈≈§§≈≈§°≈°§≈.°○..#
§§≈≈§§≈≈≈§≈§§≈§§§§≈.§....°○○.#
..≈§§≈§≈≈§§§≈≈≈§§§.......°○☼#
....§§§.§§§≈≈§§§≈§...∩.∩...##
......§.≈≈≈§§§§.§........○##
##.........§≈§§§§.......###
###........§.........###
##....#..§........##
####.......z@..###
#####..###### ####


You could see a skeletal warrior.

Vanquished Creatures
  6 hydras
  A two-headed ogre (D:9)
  Sonja (Lair:2)
  A deep elf knight (Bailey)
  An anaconda skeleton (Volcano)
  9 deep elf magi (Bailey)
  2 oklob plants (Lair:4)
  6 elephants (Lair:5)
  A torpor snail (Lair:6)
  3 black mambas
  12 spiny frogs
  An orange demon (D:9)
  2 rime drakes
  3 komodo dragons
  A queen bee (Lair:5)
  A hornet (D:8)
  Prince Ribbit (D:8)
  3 meliai (Lair:5)
  A polar bear (Lair:2)
  10 blink frogs
  A harpy skeleton (Volcano)
  9 dream sheep
  3 hippogriffs
  Sigmund (D:5)
  25 yaks
  2 flying skulls (Volcano)
  2 wyverns
  A basilisk (Lair:2)
  A hungry ghost (D:8)
  4 nagas (Lair:2)
  12 water moccasins
  13 porcupines
  2 hell hounds (Lair:6)
  3 orc warriors
  A black bear (D:8)
  A necrophage (D:9)
  3 ice beasts
  12 wolves
  A phantom (D:8)
  4 ogres
  A sky beast (D:6)
  7 crocodiles
  7 centaurs
  2 big kobolds
  12 bullfrogs
  A wyvern skeleton (D:7)
  A scorpion (D:8)
  32 killer bees
  12 wights
  A howler monkey (D:4)
  2 bullfrog zombies
  4 crimson imps
  5 hounds
  4 jellies
  8 orc wizards
  A quasit (D:7)
  2 orc priests
  2 iron imps (D:9)
  Terence (D:2)
  4 iguanas
  A hell rat (Lair:6)
  7 worker ants
  2 howler monkey zombies
  A howler monkey skeleton (D:5)
  8 adders
  4 gnolls (D:9)
  A shadow imp (D:10)
  8 oozes (D:3)
  3 adder skeletons
  2 worms
  2 dart slugs
  4 leopard geckos
  14 orcs
  5 bats
  7 giant cockroaches
  18 goblins
  12 jackals
  17 kobolds
  4 quokkas
  A ball python (D:4)
  A frilled lizard (D:1)
  A jackal zombie (D:7)
  2 quokka zombies
  5 rats
  A fungus (Lair:4)
  4 plants (Lair:4)
411 creatures vanquished.

Vanquished Creatures (others)
  5 fungi
  11 plants
  9 toadstools (D:3)
  2 withered plants (Lair:3)
27 creatures vanquished.

Grand Total: 438 creatures vanquished

Notes
Turn   | Place    | Note
-------+----------+-------------------------------------------
     0 | D:1      | DearestLeader the Gargoyle Ice Elementalist began the quest
                  | for the Orb.
     0 | D:1      | Reached XP level 1. HP: 10/10 MP: 3/3
   130 | D:1      | Reached XP level 2. HP: 15/15 MP: 5/5
   404 | D:1      | Reached XP level 3. HP: 12/19 MP: 0/6
   558 | D:1      | Reached skill level 5 in Ice Magic
   564 | D:1      | Learned a level 3 spell: Frozen Ramparts
   973 | D:2      | Noticed Terence
   979 | D:2      | Killed Terence
   979 | D:2      | Reached XP level 4. HP: 20/24 MP: 0/7
  1104 | D:2      | Found a shattered altar of Ashenzari.
  1159 | D:2      | Reached skill level 6 in Ice Magic
  1260 | D:2      | Reached XP level 5. HP: 28/28 MP: 8/8
  1360 | D:2      | Found a hazy altar of Hepliaklqana.
  1360 | D:2      | Found a shimmering altar of Xom.
  1360 | D:2      | Found a bloodstained altar of Trog.
  1362 | D:2      | Found a radiant altar of Vehumet.
  1416 | D:2      | Became a worshipper of Vehumet
  1826 | D:2      | Found a transporter.
  1832 | D:2      | Found a transporter.
  1838 | D:2      | Found a stormy altar of Qazlal.
  2095 | D:2      | Found a shimmering blue altar of Sif Muna.
  2232 | D:3      | Found an iron altar of Okawaru.
  2466 | D:3      | Reached skill level 7 in Ice Magic
  2466 | D:3      | Reached XP level 6. HP: 22/32 MP: 5/9
  2794 | D:3      | Reached * piety under Vehumet
  2794 | D:3      | Offered knowledge of Sandblast by Vehumet.
  2813 | D:3      | Learned a level 1 spell: Sandblast
  3476 | D:2      | Reached skill level 1 in Earth Magic
  3579 | D:2      | Got a flickering graven amulet
  3590 | D:2      | Identified the amulet "Cureek" {Inacc rF+ Str+2} (You found
                  | it on level 2 of the Dungeon)
  3739 | D:3      | Learned a level 4 spell: Hailstorm
  3809 | D:4      | Reached XP level 7. HP: 36/36 MP: 6/10
  3910 | D:4      | Found a sacrificial altar of Ru.
  3932 | D:4      | HP: 1/36 [orc wizard/puff of flame (9)]
  4295 | D:4      | Found Zaruch's Magic Scroll Emporium.
  4312 | D:4      | Bought a scroll of amnesia for 38 gold pieces
  4312 | D:4      | Bought a scroll of blinking for 82 gold pieces
  4312 | D:4      | Bought a scroll of blinking for 82 gold pieces
  4691 | D:5      | Entered Level 5 of the Dungeon
  4753 | D:5      | Reached skill level 8 in Ice Magic
  4779 | D:5      | Found a transporter.
  4779 | D:5      | Noticed denis1488's ghost (novice OpTm)
  4788 | D:5      | Found a transporter.
  5028 | D:5      | Noticed a yak
  5050 | D:5      | Killed a yak
  5051 | D:5      | Reached XP level 8. HP: 27/41 MP: 6/13
  5207 | D:5      | Noticed Sigmund
  5217 | D:5      | Killed Sigmund
  5217 | D:5      | Reached skill level 9 in Ice Magic
  5630 | D:5      | Found a sparkling altar of Nemelex Xobeh.
  6708 | D:6      | Found a burning altar of Makhleb.
  6836 | D:6      | Reached skill level 5 in Earth Magic
  6836 | D:6      | Reached XP level 9. HP: 26/45 MP: 11/15
  6997 | D:6      | Found a blossoming altar of Fedhas.
  7123 | D:6      | Reached skill level 10 in Ice Magic
  7299 | D:6      | Offered knowledge of Shock by Vehumet.
  7340 | D:6      | Reached ** piety under Vehumet
  7343 | D:6      | Reached skill level 5 in Spellcasting
  7596 | D:7      | Found a staircase to the Ecumenical Temple.
  7638 | D:7      | You fall into a shaft and drop 3 floors!
  7638 | D:10     | Entered Level 10 of the Dungeon
  7661 | D:10     | Reached skill level 1 in Fighting
  7840 | D:8      | Found a flagged portal.
  7878 | Bailey   | Entered a bailey
  7887 | Bailey   | Noticed a deep elf mage
  7892 | Bailey   | Killed a deep elf mage
  8027 | Bailey   | Noticed a deep elf mage
  8028 | Bailey   | Noticed a deep elf mage
  8030 | Bailey   | Noticed a deep elf mage
  8032 | Bailey   | Killed a deep elf mage
  8032 | Bailey   | Reached skill level 11 in Ice Magic
  8035 | Bailey   | Killed a deep elf mage
  8035 | Bailey   | Reached XP level 10. HP: 56/56 MP: 8/17
  8062 | Bailey   | Killed a deep elf mage
  8124 | Bailey   | Noticed a deep elf mage
  8129 | Bailey   | Killed a deep elf mage
  8172 | Bailey   | Noticed a deep elf mage
  8230 | Bailey   | Noticed a deep elf mage
  8237 | Bailey   | Killed a deep elf mage
  8239 | Bailey   | Killed a deep elf mage
  8239 | Bailey   | Reached skill level 5 in Fighting
  8239 | Bailey   | Reached skill level 12 in Ice Magic
  8327 | Bailey   | Noticed a deep elf knight
  8338 | Bailey   | Killed a deep elf knight
  8464 | Bailey   | Noticed a deep elf mage
  8464 | Bailey   | Noticed a deep elf mage
  8474 | Bailey   | Killed a deep elf mage
  8475 | Bailey   | Killed a deep elf mage
  8475 | Bailey   | Reached skill level 5 in Dodging
  8475 | Bailey   | Reached XP level 11. HP: 64/64 MP: 16/18
  8572 | D:8      | Found a staircase to the Lair.
  8573 | D:8      | Noticed Prince Ribbit
  8581 | D:8      | Killed Prince Ribbit
  8674 | D:8      | Offered knowledge of Static Discharge by Vehumet.
  8967 | D:8      | Reached *** piety under Vehumet
  9335 | D:8      | Found a hide-covered altar of Uskayaw.
  9958 | D:7      | Offered knowledge of Airstrike by Vehumet.
 10034 | D:7      | Reached skill level 13 in Ice Magic
 10877 | D:9      | Noticed a two-headed ogre
 10895 | D:9      | Killed a two-headed ogre
 11264 | D:9      | Found a burning altar of Makhleb.
 11264 | D:9      | Noticed a hell beast
 11503 | D:9      | Reached **** piety under Vehumet
 11971 | Lair:1   | Entered Level 1 of the Lair of Beasts
 12043 | Lair:1   | Offered knowledge of Mephitic Cloud by Vehumet.
 12046 | Lair:1   | Reached skill level 10 in Earth Magic
 12069 | Lair:1   | Learned a level 3 spell: Mephitic Cloud
 12329 | Lair:1   | Reached skill level 1 in Conjurations
 12329 | Lair:1   | Reached XP level 12. HP: 56/71 MP: 16/19
 12760 | Lair:1   | You fall into a shaft and drop 1 floor!
 12760 | Lair:2   | Found a staircase to the Snake Pit.
 12988 | Lair:2   | Noticed Sonja
 13000 | Lair:2   | Killed Sonja
 13099 | Lair:2   | Noticed a five-headed hydra
 13110 | Lair:2   | Reached skill level 14 in Ice Magic
 13134 | Lair:2   | Killed a five-headed hydra
 13385 | Lair:2   | Reached skill level 5 in Conjurations
 13846 | Lair:2   | Found a staircase to the Shoals.
 15040 | Lair:3   | Noticed a seven-headed hydra
 15053 | Lair:3   | Killed a seven-headed hydra
 15202 | Lair:3   | Learned a level 3 spell: Ozocubu's Armour
 15220 | Lair:3   | Noticed a four-headed hydra
 15239 | Lair:3   | Killed a four-headed hydra
 15500 | Lair:3   | Found a runed translucent door.
 15500 | Lair:3   | Noticed Thomus's ghost (journeyman DECj)
 16385 | Lair:4   | Noticed a seven-headed hydra
 16393 | Lair:4   | Killed a seven-headed hydra
 16393 | Lair:4   | Reached XP level 13. HP: 75/75 MP: 19/22
 16614 | Lair:4   | Reached ***** piety under Vehumet
 16621 | Lair:4   | Offered knowledge of Orb of Destruction by Vehumet.
 17112 | Lair:4   | Reached skill level 15 in Ice Magic
 19331 | Lair:5   | Reached skill level 10 in Dodging
 20519 | Lair:6   | Entered Level 6 of the Lair of Beasts
 20550 | Lair:6   | Identified a scroll of acquirement
 20550 | Lair:6   | Acquired the ring of the Princeling {rF+ EV+4}
 20647 | Lair:6   | Gained mutation: Your large and strong wings let you fly
                  | indefinitely. [Gargoyle growth]
 20647 | Lair:6   | Reached XP level 14. HP: 78/80 MP: 15/25
 20673 | Lair:6   | Found a dark tunnel.
 20684 | Volcano  | Entered a volcano
 20809 | Volcano  | Offered knowledge of Iskenderun's Battlesphere by Vehumet.
 20814 | Volcano  | HP: 5/120 [skeletal warrior/+2 great sword of flaming (3)]
 20816 | Volcano  | Mangled by a skeletal warrior

Illustrated notes

Levels and vault maps discovered:
D:1:      mrwooster_arrival_statue, layout_rooms
D:2:      layout_basic, lemuel_coloured_pillars_altar,
          gammafunk_temple_overflow_arena, led_sif_pool,
          grunt_temple_overflow_open, first_ration, uniq_terence
D:3:      cheibrodos_fertilizer, layout_basic, overflow_temple_1_default
D:4:      layout_cave_pools, serial_shops, nicolae_shop_statue_plus,
          nicolae_ru_awakened_eye
D:5:      layout_layer_cave, nemelex_xobeh_ov_fountains_minmay,
          gammafunk_ghost_arena, minmay_manual_moon, uniq_sigmund
D:6:      layout_rooms, marbit_many_paths, fedhas_bush_and_centaur_altar
D:7:      layout_basic, minmay_temple_entry_hall
D:8:      layout_cave_pods, overflow_temple_1_default, minmay_lair_entry_grove,
          enter_bailey_3, uniq_prince_ribbit1
D:9:      layout_rooms, lemuel_hellish_altar
D:10:     layout_long_grid
Lair:1:   layout_gridlike
Lair:2:   layout_gridlike, minmay_shoals_entry_centaurs,
          minmay_snake_entry_guardpost_small, grunt_megastairs_5, uniq_sonja
Lair:3:   layout_long_grid, gammafunk_ghost_grave,
          cheibrodos_lair_caveside_slide
Lair:4:   layout_cave_pods, minmay_lair_oklob_chamber
Lair:5:   layout_roguey [special_room_bee], lemuel_fruit_fields,
          grunt_megastairs_1
Lair:6:   hangedman_lair_in_review, layout_layer_cave, slime_altar_1,
          enter_volcano_3
Volcano:  volcano_tomb [vts_chambers]

Skill      XL: |  1  2  3  4  5  6  7  8  9 10 11 12 13 |
---------------+----------------------------------------+-----
Ice Magic      | 5 6 7 8 9 11 12 13 14 15 | 15.7
Earth Magic    | 1 3 5 7 8 10 | 10.1
Spellcasting   | 3 4 5 6 7 |  7.7
Dodging        | 3 4 5 7 8 10 | 10.4
Fighting       | 3 5 6 |  6.4
Conjurations   | 1 6 9 |  9.8
Stealth        | |  2.1

Action                   |  1- 3 |  4- 6 |  7- 9 | 10-12 | 13-15 || total
-------------------------+-------+-------+-------+-------+-------++-------
Melee: Unarmed           |     5 |       |       |       |       ||     5
       Short sword       |     8 |       |       |       |       ||     8
       Dagger            |    27 |     3 |   107 |   145 |       ||   282
       Hand axe          |       |   137 |       |       |       ||   137
       Whip              |       |       |       |   206 |   174 ||   380
 Cast: Freeze            |    31 |     4 |    11 |    21 |    23 ||    90
       Frozen Ramparts   |     2 |    10 |    34 |    62 |    31 ||   139
       Sandblast         |       |       |    30 |    70 |    47 ||   147
       Hailstorm         |       |       |     3 |    19 |    38 ||    60
       Ozocubu's Armour  |       |       |       |     1 |     2 ||     3
       Mephitic Cloud    |       |       |       |       |     6 ||     6
  Use: Scroll            |       |     6 |     3 |     2 |     8 ||    19
       Potion            |       |       |     1 |       |     2 ||     3
 Stab: Sleeping          |     1 |     1 |     3 |     2 |       ||     7
       Confused          |       |       |       |       |     2 ||     2
  Eat: Chunk             |     1 |     7 |     9 |    19 |    14 ||    50
       Ration            |       |     1 |     2 |     3 |     1 ||     7
Armor: Robe              |    25 |    82 |    66 |   177 |   123 ||   473
       Skin              |       |       |     1 |       |       ||     1
Dodge: Dodged            |    48 |   173 |   106 |   370 |   258 ||   955
